 Dungeon Crawl Stone Soup version 0.20.1-1-g8b1a95d (webtiles) character file.

2321 equalderp2856 the Cleaver (level 9, -1/75 HPs)
             Began as a Minotaur Fighter on Aug 11, 2017.
             Slain by a two-headed ogre
             ... wielding a +0 giant spiked club
              (11 damage)
             ... on level 8 of the Dungeon.
             The game lasted 00:14:24 (7746 turns).

equalderp2856 the Cleaver (Minotaur Fighter)        Turns: 7746, Time: 00:14:25

Health: -1/75      AC:  9    Str: 21    XL:     9   Next: 19%
Magic:  8/8        EV:  8    Int:  6    God:
Gold:   575        SH: 16    Dex: 12    Spells: 8/8 levels left

rFire    . . .     SeeInvis .   a - +0 war axe
rCold    . . .     Gourm    .   e - +0 large shield
rNeg     . . .     Faith    .   b - +0 scale mail
rPois    .         Spirit   .   (helmet restricted)
rElec    .         Reflect  .   (no cloak)
rCorr    .         Harm     .   (no gloves)
MR       .....                  B - +0 pair of boots
Stlth    ..........             (no amulet)
Regen    0.3/turn               (no ring)
MPRegen  0.2/turn               (no ring)

@: no status effects
A: retaliatory headbutt, horns 2
a: no special abilities


You were on level 8 of the Dungeon.
You were hungry.

You visited 1 branch of the dungeon, and saw 8 of its levels.

You collected 575 gold pieces.

Inventory:

Hand Weapons
 a - a +0 war axe (weapon)
 x - a -2 dagger
 A - a +0 hunting sling
 E - a +1 trident of venom
 N - a +2 dagger of venom
 O - a +1 hand axe of venom
 V - a +0 blowgun
 W - a +0 longbow
Missiles
 n - 60 sling bullets
 o - 199 stones (quivered)
 p - 69 bolts
 w - 7 javelins of penetration
 y - 106 arrows
 K - 53 poisoned needles
 L - 4 tomahawks
 M - 2 tomahawks of returning
Armour
 b - a +0 scale mail (worn)
 c - a +0 shield
 e - a +0 large shield (worn)
 q - a +0 cloak
 B - a +0 pair of boots (worn)
 D - a +0 ring mail
 P - a +0 chain mail
 X - a cursed +0 robe
Magical Staves
 J - an uncursed staff of energy {unknown}
 U - an uncursed staff of air {unknown}
Jewellery
 H - a cursed ring of teleportation {unknown}
 I - an uncursed ring of flight {unknown}
Wands
 i - a wand of iceblast (1/15)
Scrolls
 g - a scroll of fog
 k - 4 scrolls of identify
 m - 2 scrolls of teleportation {unknown}
 r - 2 scrolls of recharging {unknown}
 s - a scroll of immolation {unknown}
 G - a scroll of remove curse
 Q - a scroll of magic mapping {unknown}
 T - 3 scrolls of noise {unknown}
Potions
 d - a potion of might
 t - a potion of haste
 v - a potion of mutation {unknown}
 z - 4 potions of lignification
 C - 4 potions of curing {unknown}
 F - 2 potions of degeneration {unknown}
 R - 2 potions of magic {unknown}
 S - a potion of heal wounds {unknown}
Books
 u - a book of Changes

   Spells                             Type                      Level
   a - Beastly Appendage              Transmutation                1
   b - Sticks to Snakes               Transmutation                2
   c - Spider Form                    Transmutation/Poison         3
   d - Ice Form                       Ice/Transmutation            4
   e - Blade Hands                    Transmutation                5
Comestibles
 f - a meat ration
 h - 6 bread rations
 j - 2 fruits
 l - 6 royal jellies


   Skills:
 + Level 6.1 Fighting
 + Level 9.1 Axes
 + Level 7.5 Armour
 + Level 3.8 Dodging
 + Level 1.0 Stealth
 + Level 8.0 Shields


You had 8 spell levels left.
You didn't know any spells.

Dungeon Overview and Level Annotations

Branches:
Dungeon (8/15)             Temple (0/1) D:5
   Lair: D:8-11

Altars:
Ashenzari
Elyvilon
Gozag
Qazlal
Ru
Sif Muna
Uskayaw
Xom


Innate Abilities, Weirdness & Mutations

You reflexively headbutt those who attack you in melee.
You have a pair of horns on your head.


Message History

* * * LOW HITPOINT WARNING * * *
Evoke which item? (* to show all) (? for menu, Esc to quit)
Aiming: Iceblast (will waste charges)
Press: ? - help, Shift-Dir - straight line, f/p - two-headed ogre
Aim: a two-headed ogre, wielding a giant spiked club and a giant club (almost dead)
The mass of ice explodes!
The iceblast engulfs the two-headed ogre.
The two-headed ogre is almost dead.
Evoking this partially-identified wand wasted a few charges.
You feel sick.
You feel sick.
You feel sick.
You feel sick.
You are no longer poisoned.
Things that are here:
a giant spiked club; an ogre corpse The two-headed ogre hits you with a giant spiked club!
* * * LOW HITPOINT WARNING * * *
The two-headed ogre hits you with a giant club!
You die...

#.....### #.
#.#.#.# #.
#.#...# #
#.#.#.#
#.#.#.#
#.....#
###.### #.#
#@# ##O##
#...#
#...#######.
#...........
#.#.########.#
#.#.# #.#
#.#.# #.# ###
#...###### #.#
#..


You could see a two-headed ogre.

Vanquished Creatures
  A hippogriff (D:8)
  The ghost of bgiannan the Chopper, an amateur HOMo (D:3)
  A soldier ant (D:8)
  A water moccasin (D:7)
  A black bear (D:8)
  2 phantoms
  2 ogres
  A big kobold (D:8)
  3 bullfrogs
  A scorpion (D:5)
  3 howler monkeys
  5 crimson imps
  A quasit (D:7)
  A gnoll shaman (D:5)
  5 orc wizards
  4 orc priests
  A hound (D:6)
  A bullfrog skeleton (D:5)
  6 worker ants
  A killer bee zombie (D:7)
  A hound skeleton (D:6)
  A worker ant zombie (D:8)
  4 gnolls
  5 adders
  A shadow imp (D:5)
  An ooze (D:5)
  An adder zombie (D:5)
  2 worms
  A dart slug (D:1)
  3 leopard geckos
  20 orcs
  3 giant cockroaches
  A goblin (D:3)
  10 hobgoblins
  8 jackals
  3 quokkas
  2 bats
  4 frilled lizards
  8 kobolds
  A leopard gecko skeleton (D:6)
  A quokka zombie (D:5)
  3 rats
126 creatures vanquished.

Notes
Turn   | Place    | Note
-------+----------+-------------------------------------------
     0 | D:1      | equalderp2856 the Minotaur Fighter began the quest for the Orb.
     0 | D:1      | Reached XP level 1. HP: 19/19 MP: 0/0
   138 | D:1      | Reached XP level 2. HP: 19/27 MP: 1/1
   722 | D:2      | Reached XP level 3. HP: 30/33 MP: 2/2
   769 | D:2      | You fall through a shaft!
   853 | D:3      | Noticed bgiannan's ghost (amateur HOMo)
   947 | D:2      | Found a faded altar of an unknown god.
  1081 | D:2      | Reached skill level 3 in Axes
  1172 | D:2      | Found a deep blue altar of Sif Muna.
  1209 | D:2      | Found a shimmering altar of Xom.
  1405 | D:4      | Reached skill level 1 in Dodging
  1405 | D:4      | Reached XP level 4. HP: 40/40 MP: 3/3
  1457 | D:4      | Found an opulent altar of Gozag.
  1544 | D:4      | Noticed a phantom
  1568 | D:4      | Killed a phantom
  1568 | D:4      | Reached skill level 4 in Axes
  1568 | D:4      | Reached XP level 5. HP: 20/47 MP: 4/4
  2464 | D:2      | Reached skill level 5 in Armour
  3342 | D:3      | Killed bgiannan's ghost
  3342 | D:3      | Reached skill level 5 in Axes
  3342 | D:3      | Reached skill level 5 in Shields
  3342 | D:3      | Reached XP level 6. HP: 35/53 MP: 5/5
  3997 | D:4      | Reached XP level 7. HP: 28/60 MP: 6/6
  4655 | D:5      | Entered Level 5 of the Dungeon
  4712 | D:5      | Reached skill level 1 in Stealth
  4733 | D:5      | Found a stormy altar of Qazlal.
  4922 | D:5      | Reached skill level 6 in Axes
  4933 | D:5      | Reached skill level 5 in Fighting
  4961 | D:5      | Found a hide-covered altar of Uskayaw.
  4999 | D:5      | Found a staircase to the Ecumenical Temple.
  5180 | D:5      | Reached XP level 8. HP: 68/68 MP: 7/7
  5391 | D:5      | Found a shattered altar of Ashenzari.
  5655 | D:6      | Reached skill level 7 in Axes
  5811 | D:6      | Found a white marble altar of Elyvilon.
  6791 | D:7      | Reached skill level 8 in Axes
  6959 | D:7      | Found a sacrificial altar of Ru.
  7556 | D:8      | Noticed a hippogriff
  7560 | D:8      | Killed a hippogriff
  7560 | D:8      | Reached XP level 9. HP: 62/75 MP: 8/8
  7698 | D:8      | Reached skill level 9 in Axes
  7700 | D:8      | Noticed a two-headed ogre
  7746 | D:8      | Slain by a two-headed ogre

Skill      XL: |  1  2  3  4  5  6  7  8  9 |
---------------+----------------------------+-----
Fighting       | 4 5 6 |  6.1
Shields        | 4 5 6 7 8 |  8.0
Axes           | 3 4 5 6 8 9 |  9.1
Armour         | 4 5 6 7 |  7.5
Dodging        | 1 2 3 |  3.8
Stealth        | 1 |  1.0

Action                   |  1- 3 |  4- 6 |  7- 9 || total
-------------------------+-------+-------+-------++-------
Melee: War axe           |    48 |   146 |   268 ||   462
       Headbutt          |     4 |    24 |    47 ||    75
Evoke: Wand              |       |       |     2 ||     2
  Use: Potion            |       |     2 |       ||     2
       Scroll            |       |       |     4 ||     4
  Eat: Chunk             |     2 |     3 |    12 ||    17
       Bread ration      |       |     1 |       ||     1
Armor: Scale mail        |    26 |    47 |    71 ||   144
       Skin              |       |     8 |       ||     8
Dodge: Dodged            |    15 |    30 |    55 ||   100
Block: Shield            |    26 |    16 |       ||    42
       Large shield      |       |    91 |   221 ||   312
